 Dungeon Crawl Stone Soup version 0.25-b1-46-gb8a1ec05df (webtiles) character file.

Game seed: 15667156514862366094

149 Peloso the Covered (level 5, 0/47 HPs)
             Began as a Minotaur Fighter on June 11, 2020.
             Slain by an orc
             ... wielding a +2 dagger of flaming
              (4 damage)
             ... on level 3 of the Dungeon.
             The game lasted 00:04:21 (2134 turns).

Peloso the Covered (Minotaur Fighter)               Turns: 2134, Time: 00:04:23

Health: 0/47       AC:  7    Str: 20    XL:     5   Next: 9%
Magic:  4/4        EV:  8    Int:  5    God:
Gold:   142        SH:  9    Dex: 11    Spells: 4/4 levels left

rFire    . . .     SeeInvis .   a - +0 long sword
rCold    . . .     Gourm    .   c - +0 kite shield
rNeg     . . .     Faith    .   b - +0 scale mail
rPois    .         Spirit   .   (helmet restricted)
rElec    .         Reflect  .   (no cloak)
rCorr    .         Harm     .   (no gloves)
MR       .....                  (no boots)
Stlth    ..........             (no amulet)
HPRegen  0.15/turn              (no ring)
MPRegen  0.09/turn              (no ring)

@: brilliant, flying
A: retaliatory headbutt, horns 2
a: no special abilities


You were on level 3 of the Dungeon.
You were not hungry.

You visited 1 branch of the dungeon, and saw 3 of its levels.

You collected 142 gold pieces.

Inventory:

Hand Weapons
 a - a +0 long sword (weapon)
Armour
 b - a +0 scale mail (worn)
 c - a +0 kite shield (worn)
Jewellery
 m - an uncursed ring of ice {unknown}
 s - an uncursed amulet of faith {unknown}
Wands
 p - a wand of random effects (21)
Scrolls
 i - 2 scrolls of identify {unknown}
 k - 2 scrolls of fog {unknown}
 l - a scroll of teleportation {unknown}
 n - a scroll of amnesia {unknown}
 o - a scroll of enchant weapon {unknown}
Potions
 d - 2 potions of might
 h - 2 potions of brilliance
 j - a potion of ambrosia {unknown}
 q - a potion of degeneration {unknown}
Comestibles
 f - 7 rations
 r - 3 chunks of flesh


   Skills:
 + Level 4.3 Fighting
 + Level 4.0 Long Blades
 + Level 4.8 Armour
 + Level 0.8 Dodging
 + Level 0.2 Stealth
 + Level 4.5 Shields


You had 4 spell levels left.
You didn't know any spells.
Your spell library was empty.

Dungeon Overview and Level Annotations

Branches:
Dungeon (3/15)

Altars:
Makhleb
Qazlal
Ru


Innate Abilities, Weirdness & Mutations

You reflexively headbutt those who attack you in melee.
You have a pair of horns on your head.


Message History

Your Long Blades skill increases to level 4!
The orc hits you but does no damage. x2; You block the orc's attack.
Unknown command.
You hit the orc.
The orc is lightly wounded.
The orc barely misses you. You furiously retaliate!
You headbutt the orc, but do no damage. The orc hits you with a +0 short sword.
* * * LOW HITPOINT WARNING * * *
The orc hits you with a +2 dagger of flaming.
* * * LOW HITPOINT WARNING * * *
The orc burns you.
* * * LOW HITPOINT WARNING * * *
You barely miss the orc.
The orc is lightly wounded.
The orc hits you.
* * * LOW HITPOINT WARNING * * *
The orc hits you with a +0 short sword.
* * * LOW HITPOINT WARNING * * *
The orc hits you with a +2 dagger of flaming.
You die...

...#.####.. โ‰ˆ.##.#....#
....... โ‰ˆ..#.#.##.#
#....... ..#..#.##.#
#.....# ..#.......#
#..... ..#..#.##.# #...#
โ‰ˆ.รท#.#.##.# #$..#
..##......#######...#
..####.##.....oo@o..#####
..# #...#####.###o.......
............o.o.....#####
.### ...#####.###.### .
...# #.# . .....# #.#
####### #.# #.# #.#


You could see 4 orcs.

Vanquished Creatures
  A hound (D:2)
  An orc priest (D:3)
  3 adders
  2 worms (D:2)
  A dart slug (D:3)
  An orc (D:3)
  8 bats
  4 giant cockroaches (D:1)
  8 goblins
  7 hobgoblins
  4 jackals (D:1)
  3 frilled lizards
  6 kobolds
  5 rats
  2 plants (D:1)
56 creatures vanquished.

Notes
Turn   | Place    | Note
-------+----------+-------------------------------------------
     0 | D:1      | Peloso the Minotaur Fighter began the quest for the Orb.
     0 | D:1      | Reached XP level 1. HP: 19/19 MP: 0/0
   131 | D:1      | Reached XP level 2. HP: 25/27 MP: 1/1
   639 | D:1      | Reached XP level 3. HP: 33/33 MP: 2/2
   822 | D:2      | Found a sacrificial altar of Ru.
   970 | D:2      | Found a burning altar of Makhleb.
  1110 | D:2      | Reached XP level 4. HP: 40/40 MP: 3/3
  2063 | D:3      | Found a stormy altar of Qazlal.
  2129 | D:3      | Reached XP level 5. HP: 15/47 MP: 4/4
  2134 | D:3      | Slain by an orc

Illustrated notes

Levels and vault maps discovered:
D:1:      roderic_crop_circles_arrival_small, layout_loops_ring
D:2:      layout_loops_ring, makhleb_blood_cavern_becter,
          nicolae_ru_awakened_eye, first_ration
D:3:      layout_loops_ring, nicolae_overflow_hidden_temple,
          nicolae_qazlal_general_emergency, chequers_serial_rivers_marsh,
          corexii_shack

Skill      XL: |  1  2  3  4  5 |
---------------+----------------+-----
Armour         | 4 |  4.8
Fighting       | 4 |  4.3
Shields        | 4 |  4.5
Long Blades    | 3 4 |  4.0
Dodging        | |  0.8
Stealth        | |  0.2

Action                   |  1- 3 |  4- 6 || total
-------------------------+-------+-------++-------
Melee: Long sword        |   112 |    59 ||   171
       Headbutt          |    28 |     9 ||    37
  Use: Potion            |       |     3 ||     3
  Eat: Chunk             |     1 |     3 ||     4
Armor: Scale mail        |    40 |    30 ||    70
Dodge: Dodged            |    22 |    17 ||    39
Block: Kite shield       |    36 |    40 ||    76
       Rpst.: Long sword |     5 |     1 ||     6
